 Dungeon Crawl Stone Soup version 0.28.0-49-g6dfe1f597d (webtiles) character file.

Game seed: 7556635174205123133

723 styxcanada the Covert (level 7, -5/35 HPs)
             Began as a Spriggan Brigand on May 12, 2022.
             Slain by a gnoll
             ... wielding a +0 halberd
              (7 damage)
             ... on level 4 of the Dungeon.
             The game lasted 00:13:25 (3417 turns).

styxcanada the Covert (Spriggan Brigand)            Turns: 3417, Time: 00:13:26

Health: -5/35      AC:  3    Str:  7    XL:     7   Next: 43%
Magic:  11/11      EV: 19    Int: 13    God:
Gold:   55         SH:  0    Dex: 18    Spells: 8/11 levels left

rFire   . . .      SeeInvis +   a - +2 dagger
rCold   . . .      Faith    .   (no shield)
rNeg    . . .      Spirit   .   b - +0 robe
rPois   .          Reflect  .   (helmet restricted)
rElec   .          Harm     .   c - +0 cloak
rCorr   .          Rampage  .   (gloves unavailable)
Will    +....                   (boots unavailable)
Stlth   ++++......              (no amulet)
HPRegen 0.11/turn               h - +4 ring of slaying
MPRegen 0.12/turn               (no ring)

@: very quick
A: very small, no large weapons, unfitting armour, see invisible, speed 3
a: no special abilities


You were on level 4 of the Dungeon.
You visited 1 branch of the dungeon, and saw 4 of its levels.

You collected 55 gold pieces.

Inventory:

Hand Weapons
 a - a +2 dagger (weapon)
 j - a +0 hunting sling
Missiles
 d - 3 poisoned darts (quivered)
 e - 2 curare-tipped darts
 k - 40 stones
 l - 68 sling bullets
Armour
 b - a +0 robe (worn)
 c - a +0 cloak (worn)
Jewellery
 h - a +4 ring of slaying (left hand)
Scrolls
 f - a scroll of amnesia {unknown}
 i - 3 scrolls of teleportation
 n - a scroll of holy word {unknown}
 o - a scroll of vulnerability {unknown}
Potions
 g - a potion of lignification
 m - 2 potions of haste
 p - a potion of invisibility
 q - a potion of curing


   Skills:
 * Level 2.4 Fighting
 + Level 4.0 Short Blades
 + Level 2.6 Throwing
 * Level 3.9 Dodging
 * Level 9.6 Stealth
 * Level 2.5 Spellcasting
 * Level 0.5 Conjurations
 * Level 2.2 Hexes
 * Level 1.3 Ice Magic


You had 8 spell levels left.
You knew the following spells:

 Your Spells              Type           Power      Damage    Failure   Level
a - Ensorcelled Hibernat  Hex/Ice        12%        N/A       17%         2
b - Magic Dart            Conj           12%        1d3       21%         1

Your spell library contained the following spells:

 Spells                   Type           Power      Damage    Failure   Level
 Call Imp                 Summ           1%         N/A       36%         2
 Passwall                 Tmut/Erth      0%         N/A       36%         2
 Portal Projectile        Hex/Tloc       8%         N/A       41%         3
 Mephitic Cloud           Conj/Pois/Air  2%         N/A       56%         3
 Call Canine Familiar     Summ           1%         N/A       58%         3
 Swiftness                Air            1%         N/A       58%         3
 Leda's Liquefaction      Hex/Erth       2%         N/A       83%         4


Dungeon Overview and Level Annotations

Branches:
Dungeon (4/15)
 Temple: D:4-7

Altars:
Dithmenos
Hepliaklqana


Innate Abilities, Weirdness & Mutations

You are very small and have problems with some larger weapons.
You are too small for most types of armour.
You have supernaturally acute eyesight. (SInv)
You cover ground extremely quickly. (Speed+++)


Message History

The kobold brigand misses you.
You hit the kobold brigand.
The kobold brigand is severely wounded.
The kobold brigand barely misses you.
You barely miss the kobold brigand.
The kobold brigand is severely wounded.
The kobold brigand closely misses you.
You closely miss the kobold brigand.
The kobold brigand is severely wounded.
You closely miss the kobold brigand.
The kobold brigand is severely wounded.
The kobold brigand hits you with a +0 short sword!
* * * LOW HITPOINT WARNING * * *
The kobold brigand throws a poisoned dart.
The poisoned dart misses you.
Throw: 4 darts (poison)
Press: ? - help, Q - select action, (/) - cycle Shift-Dir - straight line, f/p - kobold brigand
Aim: a kobold brigand, wielding a +0 short sword and quivering poisoned darts (almost dead, poisoned, 61% to hit)
You throw a poisoned dart.
The poisoned dart hits the kobold brigand.
The kobold brigand looks even sicker.
The kobold brigand is almost dead.
Found a +0 whip.
You feel a bit more experienced.
Your Short Blades skill increases to level 4!
Found a stone staircase leading up.
You barely miss the gnoll.
The gnoll shouts!
The gnoll misses you.
You hit the gnoll.
The gnoll is moderately wounded.
The gnoll barely misses you.
You hit the gnoll.
The gnoll is heavily wounded.
The gnoll hits you with a +0 halberd!
* * * LOW HITPOINT WARNING * * *
You hit the gnoll but do no damage.
The gnoll is heavily wounded.
The gnoll hits you from afar with a +0 halberd!
You die...

.....#.## #. #K#
###....####.##.#
..##.......#.#
#.. #.##....#.#
#.<#)##.#.#
#..#......#
..####..#..#...#
#........#..###.#
....####@...###.#
......g.........#
#.
...#########.####
.. .# ## .# .# #
# #


You could see a gnoll.

Vanquished Creatures
  A water moccasin (D:4)
  An ogre (D:4)
  A kobold brigand (D:4)
  2 scorpions
  A howler monkey (D:4)
  3 hounds
  A gnoll shaman (D:4)
  An orc priest (D:3)
  A centaur skeleton (D:3)
  4 gnolls (D:4)
  3 adders
  An adder skeleton (D:4)
  A dart slug (D:1)
  9 orcs
  3 ball pythons
  7 endoplasms
  A giant cockroach (D:1)
  7 goblins
  A hobgoblin (D:4)
  11 jackals (D:4)
  A quokka (D:1)
  4 bats
  2 frilled lizards
  2 kobolds
  3 rats
72 creatures vanquished.

Vanquished Creatures (others)
  A plant (D:4)
1 creature vanquished.

Grand Total: 73 creatures vanquished

Notes
Turn   | Place    | Note
-------+----------+-------------------------------------------
     0 | D:1      | styxcanada the Spriggan Brigand began the quest for the
                  | Orb.
     0 | D:1      | Reached XP level 1. HP: 10/10 MP: 2/2
   100 | D:1      | Reached skill level 6 in Stealth
   344 | D:1      | Reached XP level 2. HP: 8/14 MP: 3/3
   824 | D:2      | Reached skill level 7 in Stealth
   852 | D:2      | Reached XP level 3. HP: 9/18 MP: 4/4
  1253 | D:3      | Noticed a scorpion
  1272 | D:3      | Killed a scorpion
  1273 | D:3      | Reached XP level 4. HP: 23/23 MP: 4/6
  1275 | D:3      | Reached skill level 8 in Stealth
  1275 | D:3      | Reached skill level 1 in Spellcasting
  1379 | D:3      | Reached XP level 5. HP: 23/26 MP: 7/7
  1382 | D:3      | Learned a level 2 spell: Ensorcelled Hibernation
  1987 | D:3      | Found a faded altar of an unknown god.
  1988 | D:3      | Found a hazy altar of Hepliaklqana.
  2436 | D:3      | Found a shadowy altar of Dithmenos.
  2533 | D:4      | Reached skill level 1 in Hexes
  2578 | D:4      | Noticed an ogre
  2605 | D:4      | Killed an ogre
  2606 | D:4      | Reached XP level 6. HP: 30/30 MP: 9/9
  2656 | D:4      | Noticed a water moccasin
  2670 | D:4      | Killed a water moccasin
  2671 | D:4      | Reached skill level 9 in Stealth
  2818 | D:4      | Reached skill level 1 in Ice Magic
  2839 | D:4      | Learned a level 1 spell: Magic Dart
  2970 | D:4      | Reached XP level 7. HP: 22/35 MP: 11/11
  3415 | D:4      | HP: 1/35 [gnoll/+0 halberd (7)]
  3417 | D:4      | Slain by a gnoll

Illustrated notes

Levels and vault maps discovered:
D:1:      shiori_arrival_maze, layout_loops_ring, serial_forest,
          infiniplex_forest_straight_1, infiniplex_forest_lined_room_3,
          infiniplex_forest_clump_small, infiniplex_forest_clump_tiny,
          infiniplex_forest_pool, infiniplex_forest_clump_small,
          infiniplex_forest_lined_ring, infiniplex_forest_clump_diagonal
D:2:      layout_rooms
D:3:      layout_loops_cross, beargit_hepliaklqana_dungeon_heroes,
          lemuel_coloured_pillars_altar, hex_large, minmay_shallow_snake_nest
D:4:      lemuel_castle_with_subvaults [lemuel_castle_interior_original],
          layout_basic, serial_shops, nicolae_shop_waterfront

Skill      XL: |  1  2  3  4  5  6  7 |
---------------+----------------------+-----
Stealth        | 6 7 8 9 |  9.6
Dodging        | 2 3 |  3.9
Short Blades   | 3 4 |  4.0
Spellcasting   | 1 2 |  2.5
Fighting       | 2 |  2.4
Hexes          | 1 2 |  2.2
Ice Magic      | 1 |  1.3
Throwing       | |  2.6
Conjurations   | |  0.5

Action                   |  1- 3 |  4- 6 |  7- 9 || total
-------------------------+-------+-------+-------++-------
Melee: Dagger            |    43 |    95 |    60 ||   198
       Punch             |     1 |       |       ||     1
Throw: Dart              |     5 |    14 |    20 ||    39
  Use: Scroll            |       |     4 |       ||     4
       Potion            |       |       |     1 ||     1
 Stab: Sleeping          |    12 |     2 |       ||    14
       Distracted        |       |     1 |       ||     1
Armor: Robe              |     4 |    11 |     1 ||    16
Dodge: Dodged            |    20 |    62 |    34 ||   116
